 Dungeon Crawl Stone Soup version 0.24.1 (webtiles) character file.

Game seed: 15207222237599987309, levelgen mode: deterministic

29 Stormleaks the Vexing (level 3, -9/20 HPs)
             Began as a Kobold Arcane Marksman on Apr 4, 2020.
             Mangled by Sigmund
             ... wielding a cursed -3 scythe
              (12 damage)
             ... on level 2 of the Dungeon.
             The game lasted 00:08:23 (1247 turns).

Stormleaks the Vexing (Kobold Arcane Marksman)      Turns: 1247, Time: 00:08:24

Health: -9/20      AC:  2    Str:  7    XL:     3   Next: 32%
Magic:  5/5        EV: 16    Int: 14    God:
Gold:   70         SH:  0    Dex: 16    Spells: 3/4 levels left

rFire    . . .     SeeInvis .   a - +0 hand crossbow
rCold    . . .     Gourm    .   (shield restricted)
rNeg     . . .     Faith    .   e - +0 robe
rPois    .         Spirit   .   (no helmet)
rElec    .         Reflect  .   (no cloak)
rCorr    .         Harm     .   (no gloves)
MR       .....                  (no boots)
Stlth    +.........             (no amulet)
HPRegen  0.06/turn              (no ring)
MPRegen  0.09/turn              (no ring)

@: lethally poisoned (-9 -> -13)
A: small, carnivore
a: no special abilities


You were on level 2 of the Dungeon.
You were not hungry.

You visited 1 branch of the dungeon, and saw 2 of its levels.

You collected 70 gold pieces.

Inventory:

Hand Weapons
 a - a +0 hand crossbow (weapon)
Missiles
 d - 7 bolts (quivered)
Armour
 e - a +0 robe (worn)
Potions
 b - a potion of curing
 c - a potion of flight {unknown}


   Skills:
 + Level 1.4 Fighting
 + Level 3.2 Crossbows
 + Level 2.8 Dodging
 + Level 1.4 Spellcasting
 + Level 3.3 Hexes


You had 3 spell levels left.
You knew the following spells:

 Your Spells              Type           Power        Failure   Level  Hunger
a - Corona                Hex            ##.....      6%          1    ##.....

Your spell library contained the following spells:

 Spells                   Type           Power        Failure   Level  Hunger
 Slow                     Hex            ##......     10%         2    ###....
 Inner Flame              Hex/Fire       #.......     36%         3    ####...
 Portal Projectile        Hex/Tloc       #.....       36%         3    ####...
 Cause Fear               Hex            ##........   54%         4    #####..
 Leda's Liquefaction      Hex/Erth       #.........   77%         4    #####..


Dungeon Overview and Level Annotations

Branches:
Dungeon (2/15)

Altars:

Annotations:
D:2 Sigmund


Innate Abilities, Weirdness & Mutations

You are small and have problems with some larger weapons.
You are carnivorous and can eat meat at any time.


Message History

An adder comes into view.
The adder hisses angrily.
The bat closely misses you.
You feel less confused. The bat misses you. The bat barely misses you.
The bat barely misses you.
You closely miss the adder. The bat misses you. The adder barely misses you.
The adder bites you.
* * * LOW HITPOINT WARNING * * *
You are lethally poisoned!
The adder poisons you!
You closely miss the adder.
* * * LOW HITPOINT WARNING * * *
You feel sick. The bat misses you. The adder closely misses you.
The adder bites you but does no damage.
You clumsily bash the adder but do no damage.
The bat closely misses you. x2; The bat misses you.
The adder completely misses you. Something hits you!
Ouch! That really hurt!
You die...

......# .....##..
.# ###
......#.####......
......#..........#
<.....#........#.#
......#...#....#.#
..###>#...#[#..#.#
#.###.#...#.#..#S#
....#.#...#.#..#@#
..........#.#..#b#
###.#.#........#.#
#.###.#.###.##.#
#.....#........#
#######.###.####
#.#..{..#
#.#.....#
#.#.....#


You could see an adder and a bat.

Vanquished Creatures
  A dart slug (D:1)
  5 bats (D:1)
  A giant cockroach (D:1)
  3 goblins
  2 hobgoblins (D:1)
  3 jackals (D:1)
  3 kobolds (D:1)
  6 rats
24 creatures vanquished.

Notes
Turn   | Place    | Note
-------+----------+-------------------------------------------
     0 | D:1      | Stormleaks the Kobold Arcane Marksman began the quest for
                  | the Orb.
     0 | D:1      | Reached XP level 1. HP: 12/12 MP: 2/2
   140 | D:1      | Reached XP level 2. HP: 12/16 MP: 0/3
   415 | D:1      | Reached XP level 3. HP: 12/20 MP: 5/5
  1201 | D:2      | Noticed Sigmund
  1247 | D:2      | Mangled by Sigmund

Levels and vault maps discovered:
D:1:      lightli_arrival_maybe_door_vault, layout_rooms
D:2:      layout_basic, yredelemnul_forgotten_temple_becter,
          lemuel_blue_sif_altar, chequers_serial_rivers_micro_b, uniq_sigmund

Skill      XL: |  1  2  3 |
---------------+----------+-----
Crossbows      | 3 |  3.2
Fighting       | |  1.4
Dodging        | |  2.8
Spellcasting   | |  1.4
Hexes          | |  3.3

Action                   || total
-------------------------++-------
Melee: Hand crossbow     ||    11
 Fire: Hand crossbow     ||    60
 Cast: Corona            ||     7
  Use: Scroll            ||     1
       Potion            ||     1
  Eat: Chunk             ||     1
       Ration            ||     1
Armor: Robe              ||    18
Dodge: Dodged            ||    92
